 Dungeon Crawl Stone Soup version 0.15.0-13-gb296d5c (webtiles) character file.

1039 Saeter the Magician (level 8, 0/45 HPs)
             Began as a Deep Elf Summoner on Sept 2, 2014.
             Was an Initiate of Dithmenos.
             Slain by an ogre
             ... wielding a +0 giant club
              (23 damage)
             ... on Level 5 of the Dungeon on Sept 3, 2014.
             The game lasted 02:39:09 (6459 turns).

Saeter the Magician (Deep Elf Summoner)             Turns: 6459, Time: 02:39:09

HP   0/45        AC  3     Str  5      XL: 8   Next:  4%
MP  25/25        EV 16     Int 21      God: Dithmenos [......]
Gold 178         SH  0     Dex 17      Spells:  5 memorised,  5 levels left

rFire  . . .     SeeInvis .     J - +4 dagger (venom)
rCold  . . .     Clarity  .     r - +0 robe (curse)
rNeg   . . .     rCorr    .     (no shield)
rPois  .         rRot     .     (no helmet)
rElec  .         Spirit   .     U - +0 cloak
SustAb .         Warding  .     (no gloves)
rMut   .         Stasis   .     (no boots)
Gourm  .                        (no amulet)
MR     .....                    e - ring of flight
                                x - ring of wizardry

@: about to teleport, not resistant to hostile enchantments, fairly stealthy
A: no striking features
a: Renounce Religion, Evoke Flight


You were on level 5 of the Dungeon.
You worshipped Dithmenos.
Dithmenos was noncommittal.
You were not hungry.

You visited 2 branches of the dungeon, and saw 6 of its levels.
You also visited: Sewer and Ossuary.

You collected 178 gold pieces.

Inventory:

Hand weapons
 J - a +4 dagger of venom (weapon)
 L - a +0 hand crossbow
Missiles
 i - 10 poisoned needles
 t - 59 stones
 D - a javelin of returning (quivered)
 K - 67 bolts
Armour
 a - a +0 shield
 g - a +0 robe
 r - a cursed +0 robe (worn)
 U - a +0 cloak (worn)
Magical devices
 z - a wand of digging (12)
Comestibles
 c - 2 bread rations
 k - a royal jelly
 n - 3 meat rations
Scrolls
 d - 2 scrolls of identify
 m - a scroll of vulnerability
 o - a scroll of fog
 y - 2 scrolls of teleportation
Jewellery
 e - a ring of flight (right hand)
 x - a ring of wizardry (left hand)
Potions
 h - a potion of berserk rage
 p - a potion of restore abilities
 s - 2 potions of brilliance
 C - a potion of might
 H - a potion of heal wounds
 O - 3 potions of agility
 Q - 3 potions of curing
 R - 2 potions of flight
 Y - 2 potions of haste
Books
 b - a book of Callings

   Spells                             Type                      Level
   *Summon Small Mammal               Summoning                    1
   *Call Imp                          Summoning                    2
   *Call Canine Familiar              Summoning                    3
   Summon Guardian Golem              Hexes/Summoning              4
   *Summon Lightning Spire            Summoning/Air                4
   *Summon Ice Beast                  Ice/Summoning                4
Miscellaneous
 f - a plain deck of changes {the Mercenary}


   Skills:
 + Level 2.6 Fighting
 + Level 2.8 Short Blades
 - Level 2.0 Throwing
 + Level 5.6 Dodging
 + Level 5.9 Stealth
 + Level 6.1 Spellcasting
 - Level 5.2 Summonings


You had 5 spell levels left.
You knew the following spells:

 Your Spells              Type           Power        Failure   Level  Hunger
a - Summon Small Mammal   Summ           ####         1%          1    None
b - Call Imp              Summ           ####....     1%          2    None
c - Call Canine Familiar  Summ           ####....     1%          3    ##.....
d - Summon Ice Beast      Ice/Summ       ###.....     14%         4    ####...
e - Summon Lightning Spi  Summ/Air       ###.....     14%         4    ####...


Dungeon Overview and Level Annotations

Branches:
Dungeon (5/15)             Temple (1/1) D:5

Altars:
Ashenzari
Cheibriados
Dithmenos
Elyvilon
Nemelex Xobeh
Okawaru
Qazlal
Sif Muna
Trog
Vehumet
Xom
Yredelemnul
Zin
The Shining One


Message History

Read which item? (? for menu, Esc to quit)
Enchant which weapon? (? for menu, Esc to quit)
As you read the scroll of enchant weapon, it crumbles to dust.
Your +2 dagger of venom glows red for a moment.
Read which item? (? for menu, Esc to quit)
Enchant which weapon? (? for menu, Esc to quit)
As you read the scroll of enchant weapon, it crumbles to dust.
Your +3 dagger of venom glows red for a moment.
There is a staircase back to the Dungeon here.
You climb upwards.
Welcome back to the Dungeon!
There is a staircase to the Ecumenical Temple here.
The ogre shouts!
The ogre hits you with a giant club!!
You hit the ogre but do no damage. The sky beast misses you.
Read which item? (? for menu, Esc to quit)
As you read the scroll of teleportation, it crumbles to dust.
You feel strangely unstable. The ogre hits you with a giant club!!
Ouch! That really hurt!
You die...

.... ..# #.### .. .
##.8.### ...
#..####......#.....
.......8.>.8.......
##!##.......##.....
........#.8Y#.Z......
#.##....#@O........
#.<..#####a#....
#.....# # . #######


You could see a sky beast, an ogre, a worker ant (wandering) and a kobold
skeleton.

Vanquished Creatures
  Pikel (D:4)
  A worker ant (D:4)
  An orc wizard (D:4)
  A hound zombie (Ossuary)
  2 gnolls (D:4)
  3 adders
  A worm (D:2)
  5 orcs
  4 goblins
  6 hobgoblins
  4 kobolds
  2 ball pythons
  4 bats
  A giant newt (D:4)
  A hobgoblin zombie (Ossuary)
  A kobold zombie (Ossuary)
  A quokka zombie (Ossuary)
  10 rats
49 creatures vanquished.

Vanquished Creatures (collateral kills)
  A slave (D:4)
  A big kobold (Sewer)
  10 bog bodies (Ossuary)
  2 orc priests
  A centaur zombie (Ossuary)
  2 hounds (D:4)
  2 iguanas (D:4)
  2 ogre zombies (Ossuary)
  A sky beast zombie (Ossuary)
  3 hound zombies (Ossuary)
  5 mummies (Ossuary)
  A worker ant zombie (Ossuary)
  6 green rats (Sewer)
  5 adders
  5 gnolls
  A goliath beetle zombie (Ossuary)
  2 worms (D:2)
  2 adder zombies (Ossuary)
  An ooze (D:1)
  10 orcs
  A bat zombie (Ossuary)
  4 giant cockroaches
  2 goblins
  4 hobgoblins
  2 quokkas
  5 ball pythons
  4 bats
  2 giant newts
  3 jackals (D:3)
  17 kobolds
  A kobold skeleton (D:4)
  A kobold zombie (Ossuary)
  An orc zombie (Ossuary)
  20 rats
130 creatures vanquished.

Vanquished Creatures (others)
  10 ice beasts
  13 hounds
  3 bats (D:1)
  4 quokkas
  2 rats
  A plant (Ossuary)
33 creatures vanquished.

Grand Total: 212 creatures vanquished

Notes
Turn   | Place    | Note
--------------------------------------------------------------
     0 | D:1      | Saeter, the Deep Elf Summoner, began the quest for the Orb.
     0 | D:1      | Reached XP level 1. HP: 10/10 MP: 5/5
   452 | D:1      | Found a sparkling altar of Nemelex Xobeh.
   486 | D:1      | Reached XP level 2. HP: 15/15 MP: 4/8
  1311 | D:2      | Learned a level 2 spell: Call Imp
  1411 | D:2      | Reached XP level 3. HP: 19/19 MP: 11/11
  1616 | D:2      | Learned a level 3 spell: Call Canine Familiar
  2182 | D:2      | Reached XP level 4. HP: 24/24 MP: 6/14
  2228 | D:2      | Reached skill level 5 in Summonings
  2606 | D:3      | Found a glowing drain.
  2630 | D:3      | Reached skill level 1 in Throwing
  2741 | D:3      | Learned a level 4 spell: Summon Ice Beast
  2743 | Sewer    | Entered a sewer
  2786 | Sewer    | Noticed a big kobold
  2796 | Sewer    | Killed a big kobold
  2848 | Sewer    | Reached XP level 5. HP: 17/28 MP: 13/18
  3697 | D:3      | Found a white marble altar of Elyvilon.
  4358 | D:4      | Reached XP level 6. HP: 33/33 MP: 20/20
  4479 | D:4      | Reached skill level 5 in Spellcasting
  4498 | D:4      | Noticed a slave
  4597 | D:4      | Reached skill level 1 in Fighting
  4646 | D:4      | HP: 1/34 [orc wizard/puff of flame (7)]
  4668 | D:4      | Reached skill level 1 in Short Blades
  4688 | D:4      | Found a sand-covered staircase.
  4696 | D:4      | Learned a level 4 spell: Summon Lightning Spire
  4699 | Ossuary  | Entered an ossuary
  4748 | Ossuary  | Reached XP level 7. HP: 36/38 MP: 1/22
  4844 | Ossuary  | Reached skill level 5 in Stealth
  5142 | Ossuary  | Reached skill level 5 in Dodging
  5690 | D:4      | Noticed a slave
  5965 | D:4      | Noticed Pikel
  5967 | D:4      | Noticed a slave
  5967 | D:4      | Noticed a slave
  5981 | D:4      | Killed a slave
  6043 | D:4      | Killed Pikel
  6043 | D:4      | Reached skill level 6 in Spellcasting
  6043 | D:4      | Reached XP level 8. HP: 27/45 MP: 2/25
  6184 | D:5      | Entered Level 5 of the Dungeon
  6184 | D:5      | Found a staircase to the Ecumenical Temple.
  6191 | Temple   | Entered the Ecumenical Temple
  6336 | Temple   | Became a worshipper of Dithmenos the Shadowed
  6459 | D:5      | Slain by an ogre

Action                   |  1- 3 |  4- 6 |  7- 9 || total
-------------------------+-------+-------+-------++-------
Melee: Club              |    10 |       |       ||    10
       Unarmed           |     3 |     4 |       ||     7
       Short sword       |    18 |       |       ||    18
       Dagger            |     5 |    83 |     4 ||    92
       Spear             |       |    37 |    34 ||    71
Throw: Javelin           |    39 |    11 |       ||    50
 Cast: Summon Small Mamm |    29 |     5 |     2 ||    36
       Call Canine Famil |     5 |    18 |    12 ||    35
       Call Imp          |     2 |     8 |       ||    10
       Summon Ice Beast  |       |    21 |    20 ||    41
Evoke: Wand              |       |       |     2 ||     2
  Use: Scroll            |     1 |     7 |    15 ||    23
       Potion            |       |     5 |     4 ||     9
 Stab: Sleeping          |     1 |     5 |     1 ||     7
       Distracted        |       |       |     1 ||     1
  Eat: Chunk             |     4 |    13 |     3 ||    20
       Beef jerky        |       |     1 |     1 ||     2
       Bread ration      |       |       |     1 ||     1
